Map: Orbital Shipyard

Players

Adonminus - Winner!

  • Race: Protoss Protoss
  • League: Master

llllllllllll

  • Race: Terran Terran
  • League: Diamond

VOD

Have the link to the VOD?

Description

Time

  • Played on: March 12, 2016, 7:47 a.m.
  • Length: 17:03
Show
View Real Time Build Order
Export as new Build Order

Adonminus Protoss - Winner!

Build Orders: 1 Gate Expand 

Get SALT Encoding   

  12  0:01  Probe (Chrono Boost)  
  13  0:11  Probe (Chrono Boost)  
  14  0:17  Pylon  
  14  0:22  Probe (Chrono Boost)  
  15  0:36  Probe (Chrono Boost)  
  15  0:38  Gateway  
  15  0:41  Assimilator  
  16  0:46  Probe (Chrono Boost)  
  18  0:57  Probe (Chrono Boost)  
  18  1:07  Probe (Chrono Boost)  
  19  1:18  Probe (Chrono Boost)  
  20  1:25  Cybernetics Core  
  20  1:33  Nexus  
  20  1:36  Probe (Chrono Boost)  
  21  1:43  Pylon  
  21  1:51  Probe (Chrono Boost)  
  21  1:53  Assimilator  
  22  2:02  Mothership Core (Chrono Boost)  
  22  2:04  Adept  
  26  2:09  Warp Gate  
  26  2:17  Forge  
  26  2:20  Probe (Chrono Boost)  
  27  2:31  Probe (Chrono Boost)  
  27  2:34  Robotics Facility  
  28  2:41  Probe (Chrono Boost)  
  29  2:46  Probe (Chrono Boost)  
  30  2:52  Probe (Chrono Boost)  
  30  2:53  Protoss Ground Weapons Level 1 (Chrono Boost)  
  30  2:55  Probe  
  32  3:05  Probe  
  32  3:06  Probe  
  34  3:16  Probe  
  34  3:18  Probe  
  36  3:21  Warp Prism (Chrono Boost)  
  38  3:27  Probe  
  38  3:30  Gateway  
  38  3:33  Gateway  
  39  3:36  Probe  
  39  3:37  Probe  
  41  3:42  Pylon  
  41  3:48  Probe  
  41  3:53  Observer (Chrono Boost)  
  41  3:55  Probe  
  43  3:58  Pylon  
  44  4:03  Probe  
  44  4:05  Assimilator  
  44  4:06  Assimilator, Photon Cannon  
  44  4:09  Probe  
  45  4:12  Observer (Chrono Boost)  
  45  4:14  Pylon  
  45  4:15  Probe  
  48  4:29  Adept x2  
  48  4:30  Adept  
  53  4:35  Probe  
  53  4:38  Probe  
  55  4:43  Stargate  
  55  4:46  Stargate  
  55  4:49  Pylon  
  55  4:58  Adept x3  
  61  5:00  Protoss Ground Armor Level 1 (Chrono Boost)  
  61  5:01  Probe x2  
  61  5:02  Pylon  
  61  5:17  Probe  
  61  5:20  Observer (Chrono Boost)  
  54  5:25  Probe  
  54  5:28  Pylon  
  55  5:29  Probe, Phoenix x2 (Chrono Boost)  
  60  5:40  Probe  
  61  5:45  Probe  
  52  5:53  Probe  
  45  5:57  Nexus  
  45  6:05  Adept x2  
  45  6:06  Probe (Chrono Boost)  
  45  6:11  Probe (Chrono Boost)  
  51  6:17  Probe (Chrono Boost)  
  52  6:21  Probe (Chrono Boost)  
  52  6:23  Phoenix (Chrono Boost)  
  55  6:28  Probe (Chrono Boost), Phoenix (Chrono Boost)  
  55  6:32  Probe  
  59  6:39  Probe  
  60  6:45  Adept x2  
  60  6:46  Adept  
  66  6:53  Probe x2 (Chrono Boost)  
  68  7:01  Phoenix  
  70  7:02  Phoenix  
  70  7:04  Probe x2 (Chrono Boost)  
  74  7:22  Probe x2 (Chrono Boost)  
  76  7:23  Immortal  
  76  7:28  Gateway  
  76  7:29  Gateway  
  80  7:38  Probe (Chrono Boost)  
  80  7:39  Probe x2 (Chrono Boost)  
  80  7:43  Pylon  
  83  7:47  Twilight Council  
  83  7:49  Probe (Chrono Boost)  
  83  7:50  Adept  
  83  7:51  Adept x2  
  90  8:13  Phoenix x2  
  90  8:17  Probe x3 (Chrono Boost)  
  90  8:18  Immortal  
  101  8:20  Pylon  
  101  8:22  Pylon  
  101  8:27  Probe x2 (Chrono Boost)  
  102  8:39  Protoss Ground Armor Level 2  
  102  8:43  Phoenix x2  
  102  8:46  Probe x2 (Chrono Boost)  
  108  8:50  Probe (Chrono Boost), Resonating Glaives (Chrono Boost)  
  108  8:53  Adept x3  
  115  8:57  Assimilator x2, Immortal  
  119  9:08  Phoenix x2  
  123  9:13  Probe (Chrono Boost)  
  123  9:14  Probe x2 (Chrono Boost)  
  126  9:26  Adept  
  126  9:27  Adept x2  
  132  9:31  Pylon x2  
  132  9:34  Pylon x2  
  132  9:35  Gateway  
  132  9:36  Gateway, Observer  
  133  9:40  Templar Archives  
  132  9:53  Adept x3  
  132  9:54  Adept x2  
  132  9:58  Observer  
  124  10:19  Adept x4, Observer  
  124  10:20  Adept  
  133  10:23  Psionic Storm  
  133  10:24  Probe x2  
  135  10:33  Probe  
  136  10:36  Probe  
  136  10:41  Protoss Ground Armor Level 3  
  137  10:45  Adept  
  137  10:46  Adept x3, Nexus  
  137  10:48  High Templar x2  
  137  10:49  Pylon  
  149  10:50  Pylon  
  149  10:51  High Templar  
  149  10:56  Pylon  
  151  11:00  Gateway  
  151  11:02  Immortal (Chrono Boost)  
  151  11:03  Pylon  
  155  11:07  Pylon  
  155  11:10  Probe, Photon Cannon  
  155  11:11  Probe, Adept x3  
  157  11:14  Phoenix  
  155  11:35  High Templar x2  
  155  11:36  Adept x4  
  155  11:37  Adept  
  169  11:41  Warp Prism (Chrono Boost)  
  169  11:45  Fleet Beacon  
  171  11:47  Assimilator  
  171  11:49  Assimilator  
  171  12:02  Adept x5  
  171  12:03  Adept  
  171  12:26  Adept x2  
  171  12:27  Adept x6  
  160  12:37  Phoenix x2  
  160  12:39  Archon  
  150  12:47  Adept x3  
  150  12:48  Adept x4  
  150  12:50  Adept  
  164  13:00  Protoss Ground Weapons Level 2  
  164  13:01  Probe x3  
  164  13:02  Phoenix x2  
  171  13:08  High Templar x3  
  177  13:14  Probe  
  164  13:51  Phoenix  
  164  13:52  Phoenix  
  138  13:59  Adept  
  138  14:00  Adept x6  
  138  14:01  Adept  
  138  14:02  Probe x2  
  156  14:14  Nexus  
  156  14:15  Pylon  
  146  14:25  Immortal (Chrono Boost)  
  146  14:27  Tempest x2  
  158  14:35  High Templar  
  158  14:36  High Templar  
  158  14:37  Adept x4  
  171  14:38  Probe x2  
  172  14:49  Anion Pulse-Crystals  
  172  14:53  Assimilator  
  172  14:58  Assimilator  
  162  15:10  Immortal (Chrono Boost)  
  166  15:20  Adept x5  
  176  15:21  Adept  
  176  15:22  Adept x2  
  176  15:23  Tempest x2  
  190  15:30  Robotics Facility  
  190  15:44  Observer (Chrono Boost)  
  190  15:49  Photon Cannon  
  191  15:50  Photon Cannon  
  191  16:02  Stargate  
  191  16:04  Stargate  
  191  16:06  Tempest  
  195  16:23  Observer (Chrono Boost)  
  196  16:26  Observer (Chrono Boost)  
  196  16:31  Archon  
  176  16:48  Archon  
  152  16:56  Adept  
  152  16:57  Adept x5  
  152  16:58  Adept x2  
Show
View Real Time Build Order
Export as new Build Order

llllllllllll Terran 

Build Orders: Reaper Expand 

Get SALT Encoding   

  12  0:00  SCV  
  13  0:12  SCV  
  14  0:17  Supply Depot  
  14  0:25  SCV  
  15  0:39  SCV  
  15  0:40  Barracks  
  15  0:42  Refinery  
  16  0:51  SCV  
  17  1:03  SCV  
  18  1:15  SCV  
  19  1:27  Orbital Command, Reaper  
  20  1:43  Command Center  
  20  1:52  Supply Depot  
  20  1:54  SCV  
  21  2:06  Barracks Reactor, SCV  
  21  2:07  Refinery  
  22  2:18  SCV  
  22  2:21  Factory  
  23  2:31  SCV  
  24  2:43  SCV  
  25  2:46  Marine x2  
  27  2:55  SCV, Orbital Command  
  28  3:03  Marine x2  
  30  3:07  Factory Reactor, SCV  
  30  3:09  Starport  
  31  3:19  SCV  
  32  3:21  SCV, Marine x2  
  35  3:31  SCV  
  35  3:33  SCV  
  39  3:43  SCV, Widow Mine x2  
  39  3:44  Medivac  
  39  3:47  SCV  
  45  3:48  Supply Depot  
  45  3:53  Command Center  
  46  3:55  SCV  
  46  4:03  Engineering Bay  
  46  4:08  Supply Depot  
  46  4:10  SCV x2  
  46  4:13  Marine x2  
  46  4:14  Widow Mine x2  
  54  4:29  Supply Depot  
  54  4:30  SCV x2, Supply Depot  
  56  4:32  Marine x2  
  56  4:36  Viking  
  60  4:42  SCV  
  60  4:43  SCV  
  62  4:46  Supply Depot  
  62  4:49  Widow Mine  
  59  4:53  Marine x2  
  59  4:54  SCV  
  62  5:00  Supply Depot  
  62  5:01  Bunker  
  62  5:04  Widow Mine  
  63  5:11  Marine  
  62  5:14  Marine  
  62  5:17  SCV x2  
  64  5:26  Orbital Command  
  64  5:29  Marine  
  64  5:32  Marine  
  65  5:46  Marine  
  58  5:50  Marine  
  58  5:51  SCV x2  
  58  5:53  Liberator  
  61  5:58  SCV  
  62  6:04  Marine  
  62  6:06  Barracks  
  62  6:07  Marine  
  62  6:10  Barracks  
  62  6:11  Factory Tech Lab, Terran Infantry Weapons Level 1  
  67  6:13  SCV x3  
  70  6:25  SCV x2  
  71  6:27  Refinery  
  71  6:28  Refinery  
  71  6:30  Missile Turret  
  71  6:31  Missile Turret  
  71  6:35  Supply Depot  
  71  6:36  Engineering Bay  
  71  6:37  SCV  
  71  6:38  SCV  
  71  6:39  SCV  
  74  6:40  Marine x2  
  74  6:43  Orbital Command  
  76  6:56  Marine  
  76  6:57  Marine  
  76  7:00  Barracks  
  78  7:02  Barracks, Terran Infantry Armor Level 1  
  78  7:05  Stimpack  
  78  7:06  Factory Reactor, Medivac  
  78  7:07  Marine x3  
  83  7:08  SCV  
  83  7:09  SCV x2  
  86  7:22  SCV x2  
  85  7:24  Marine x2  
  85  7:25  Marine x2  
  85  7:26  SCV, Marauder  
  92  7:34  SCV x2  
  94  7:38  SCV  
  94  7:40  Refinery, Armory  
  94  7:42  Refinery  
  95  7:46  SCV x2  
  95  7:50  Factory Reactor  
  97  7:51  Barracks Tech Lab x2  
  97  7:52  Marine x4  
  97  7:54  Marauder  
  99  8:02  Missile Turret x2  
  99  8:03  Missile Turret  
  99  8:04  Medivac x2  
  98  8:06  SCV x2  
  97  8:17  SCV  
  97  8:18  SCV x2  
  100  8:20  Marine x3, Marauder  
  100  8:21  Marine, Marauder x2  
  100  8:22  Concussive Shells, Combat Shields  
  110  8:32  SCV x3  
  109  8:45  SCV  
  109  8:46  SCV x2  
  112  8:49  Marauder x2  
  112  8:53  Missile Turret, Liberator x2  
  112  8:54  Missile Turret  
  114  8:56  Marine x3, Missile Turret  
  114  9:02  SCV x3, Marine, Supply Depot  
  121  9:04  Supply Depot  
  116  9:14  SCV x3  
  124  9:22  Marine  
  124  9:24  Marine x3, Marauder x2  
  125  9:26  Marauder  
  125  9:27  SCV x2  
  125  9:29  Terran Infantry Armor Level 2, Terran Infantry Weapons Level 2  
  136  9:40  Marine  
  136  9:42  Marine x2  
  136  9:44  Barracks  
  136  9:45  Barracks  
  135  9:46  Marauder x2  
  135  9:47  Marauder  
  130  10:01  Marine  
  129  10:07  Marauder x2  
  129  10:10  Marine x2  
  129  10:11  Marine x2  
  129  10:22  SCV x2  
  129  10:24  Command Center  
  129  10:28  Medivac x2, Marauder  
  135  10:35  Terran Ship Weapons Level 1  
  137  10:37  Barracks Tech Lab  
  137  10:39  Widow Mine x2, Barracks Tech Lab  
  140  10:46  Marine  
  141  10:51  Supply Depot x2  
  141  10:53  Supply Depot x2, Marine x3, Marauder x2  
  148  11:10  Supply Depot  
  148  11:12  Marine, Widow Mine x2  
  148  11:13  Medivac x2, Marine x2, Marauder x3  
  148  11:16  Marine  
  163  11:41  Widow Mine x2  
  167  11:55  Marauder x2  
  167  11:56  Marine x3, Marauder x3  
  167  11:57  Marine  
  181  12:04  Planetary Fortress  
  181  12:10  Refinery  
  181  12:11  Refinery  
  181  12:14  Marine  
  181  12:15  Missile Turret  
  181  12:17  Marauder x3  
  181  12:21  Ghost Academy  
  181  12:22  Liberator  
  169  12:31  Liberator  
  169  12:32  Marauder x2  
  169  12:34  Marine  
  148  12:40  Marine  
  148  12:41  Marine x2, Marauder  
  125  12:47  Marauder x2  
  115  12:51  Marine  
  115  12:54  Marauder x2  
  120  13:01  Widow Mine x2  
  120  13:03  SCV x2  
  120  13:04  SCV, Marine x2  
  120  13:05  Marine x2, Liberator  
  131  13:07  Ghost  
  131  13:08  Marauder  
  131  13:10  Terran Infantry Weapons Level 3  
  135  13:14  Liberator  
  136  13:37  Terran Infantry Armor Level 3  
  136  13:47  Marine x2  
  136  13:48  Marauder x2  
  124  13:50  Marine  
  95  13:58  SCV x3  
  95  14:00  Marine x2  
  94  14:05  Medivac  
  94  14:07  SCV  
  93  14:14  Medivac  
  91  14:19  SCV  
  88  14:28  Marine  
  88  14:29  Marine x3, Marauder  
  88  14:30  Marauder x2  
  97  14:33  SCV x4  
  97  14:35  Medivac  
  97  14:36  Widow Mine x2  
  107  14:44  Medivac  
  109  14:46  SCV  
  109  14:48  SCV x3  
  109  14:49  Sensor Tower  
  112  14:59  Ghost  
  112  15:00  SCV x2, Marine x3, Liberator  
  112  15:03  Liberator  
  112  15:06  SCV  
  118  15:12  SCV, Marine x3  
  118  15:13  Marauder  
  130  15:29  Marine x3  
  130  15:30  Marauder x3  
  130  15:33  Refinery  
  139  15:39  Command Center  
  139  15:48  Liberator  
  139  15:49  Ghost, Liberator  
  139  15:50  Marine x3, Ghost  
  139  15:53  Widow Mine  
  139  15:54  Widow Mine  
  150  16:08  Ghost  
  150  16:09  Ghost  
  156  16:21  Ghost  
Tags
 
Add a new tag
Caveats
  • Supply blocks, unpowered buildings, or Contaminate may cause inaccurate times.
  • Supply counts are checked every 10 seconds.